cohdb
Replays
Latest Replays
All Replays
Popular Replays
Top Player Replays
Match Explorer
How It Works
Community
CoH3 Stats
Reddit
Sign in to upload your games and track your stats! →
Sign in with Steam
Match 46774001
Unlisted
Match 46774001
Overview
Messages
Build Orders
End
Construct Infanterie Kompanie
Kettenkrad Recon Vehicle
Grenadier Squad
Grenadier Squad
Grenadier Squad
Construct Panzergrenadier Kompanie
251 Medium Carrier
Selects Breakthrough Battlegroup
Selects Assault Grenadiers
Selects Smoke Bombing Run
Pak 40 Anti-tank Gun Team
Selects Mechanized Assault Group
Mechanized Assault Group
Construct Panzer Kompanie
Medical Bunker
Stoßtruppen Squad
Selects Rapid Production
Selects Blitzkrieg
Panzer IV Medium Tank
Panzer Officer Quarters
Forward Retreat Point
Pak 40 Anti-tank Gun Team
pp123p
Helmuth von Moltke
The Wolf, Duc Volpe
Boneless
Carecup
Cuttysark
0
0
Comments
sign in to comment!
No comments posted yet!